 Dungeon Crawl Stone Soup version 0.31-a0-174-g85c54bcb58 (webtiles) character file.

Game seed: 2324900145202659382

3045 qw the Cleaver (level 9, -8/57 HPs)
             Began as a Gargoyle Fighter on June 15, 2023.
             Was a Priest of Okawaru.
             Mangled by Maggie
             ... wielding a +2 glaive of flaming
              (14 damage)
             ... on level 6 of the Dungeon.
             The game lasted 00:03:25 (5445 turns).

qw the Cleaver (Gargoyle Fighter)                   Turns: 5445, Time: 00:03:25

Health: -8/57      AC: 25    Str: 23    XL:     9   Next: 87%
Magic:  11/12      EV:  8    Int: 10    God:    Okawaru [***...]
Gold:   150        SH:  6    Dex:  9    Spells: 8/8 levels left

rFire   . . .        Y - +0 war axe (flame)
rCold   . . .        c - +0 buckler
rNeg    + . .        k - +0 plate armour
rPois   inf          (no helmet)
rElec   +            (no cloak)
rCorr   .            h - +1 pair of gloves
SInv    +            e - +0 pair of boots
Will    .....        (no amulet) Stlth
                     j - ring of see invisible
HPRegen 0.29/turn    (no ring)
MPRegen 0.13/turn

%: no passive effects
@: heroic, mesmerised
A: sickness immunity, AC +6, negative energy resistance 1, electricity
resistance, torment resistance 1, petrification resistance
a: Renounce Religion, Heroism


You were on level 6 of the Dungeon.
You worshipped Okawaru.
Okawaru was most pleased with you.
You visited 1 branch of the dungeon, and saw 6 of its levels.

You collected 316 gold pieces.
You spent 166 gold pieces at shops.


Innate Abilities, Weirdness & Mutations

You are immune to sickness and miasma.
Your stone body is resilient. (AC +6)
You are immune to poison.
You resist negative energy. (rN+)
You are resistant to electric shocks. (rElec)
You are resistant to unholy torment.
You are immune to petrification.


   Skills:
 - Level 7.1(12.1) Fighting
 + Level 9.1(14.1) Axes
 - Level 1.1(6.1) Throwing
 - Level 6.1(11.1) Armour
 - Level 1.9(6.9) Dodging
 - Level 4.2(9.2) Shields
 - Level 4.0 Invocations


You had 8 spell levels left.
You didn't know any spells.
Your spell library was empty.

Inventory:

Hand Weapons
 Y - a +0 war axe of flaming (weapon)
Armour
 c - a +0 buckler (worn)
 e - a +0 pair of boots (worn)
 h - a +1 pair of gloves (worn)
 k - a +0 plate armour (worn)
Jewellery
 j - a ring of see invisible (left hand)
Scrolls
 p - a scroll of identify
Potions
 b - a potion of cancellation
 d - 2 potions of might
 f - a potion of resistance {unknown}
 g - a potion of attraction {unknown}
 i - a potion of mutation {unknown}
 l - 3 potions of curing
 n - 2 potions of haste {unknown}

Dungeon Overview and Level Annotations

Branches:
Dungeon (6/15)             Temple (0/1) D:5

Altars:
Dithmenos
Elyvilon
Fedhas
Hepliaklqana
Kikubaaqudgha
Makhleb
Okawaru
Qazlal
Sif Muna
Wu Jian
Yredelemnul
The Shining One

Shops:
D:1 *   D:4 ***:

Annotations:
D:3 2 runed translucent doors, qw's ghost, weakling GrFi
D:6 Maggie


Message History

You hit the boulder beetle but do no damage.
The boulder beetle is lightly wounded.
You hit the boulder beetle but do no damage.
The boulder beetle is lightly wounded.
The boulder beetle bites you.
5437 ||| READING scroll of teleportation.
As you read the scroll of teleportation, it crumbles to dust.
You feel strangely unstable. The boulder beetle barely misses you.
5438 ||| DRINKING potion of heal wounds.
You feel much better. The boulder beetle bites you.
You slash the boulder beetle! You burn the boulder beetle.
The boulder beetle is moderately wounded.
The boulder beetle bites you!
You hit the boulder beetle but do no damage.
The boulder beetle is moderately wounded.
The boulder beetle leaps!
Your surroundings suddenly seem different.
Maggie the Vainglorious comes into view.
She is wielding a +2 glaive of flaming.
Found a stone staircase leading down.
Maggie shouts!
Maggie casts a spell at you. The bolt of fire hits you!
Enter note:
Enter note:
Enter note: Maggie gestures wildly while chanting.
Maggie attempts to bespell you!
You are mesmerised by Maggie!
Maggie hits you with a +2 glaive of flaming.
Maggie burns you.
Enter note:
Enter note:
Enter note: You barely miss Maggie.
Maggie hits you but does no damage.
You hit Maggie but do no damage.
Maggie hits you with a +2 glaive of flaming!
You die...

####.####
#.......#
#[##.# #
#.##.##.####
#...........
..##.##.###.
#.##.##.# #
#.......#
#.######.#
####.####
#...>.@@.#
##.#
########.#
#..# .# #.##
..
###.#######
#.
...........
#
###..#####.
#..# #..#


You could see Maggie (mesmerising).

Vanquished Creatures
  Pikel (D:3)
  A yak (D:6)
  A wraith (D:6)
  A steam dragon (D:6)
  3 water moccasins
  Edmund (D:6)
  2 black bears
  2 ice beasts (D:5)
  3 centaurs
  4 lemures (D:4)
  3 scorpions (D:5)
  A killer bee (D:5)
  2 howler monkeys (D:5)
  3 jellies
  2 orc priests (D:4)
  5 hounds
  2 gnoll boudas (D:5)
  4 sleepcaps
  6 iguanas
  An orc wizard (D:5)
  2 gnolls (D:6)
  5 adders
  2 white imps
  2 ufetubi (D:5)
  4 worms
  2 dart slugs
  16 orcs
  10 ball pythons
  7 bats
  5 endoplasms
  5 giant cockroaches
  2 goblins
  12 hobgoblins
  18 kobolds
  3 quokkas
  3 frilled lizards (D:1)
  10 rats
156 creatures vanquished.

Notes
Turn   | Place    | Note
-------+----------+-------------------------------------------
     0 | D:1      | qw the Gargoyle Fighter began the quest for the Orb.
     0 | D:1      | Reached XP level 1. HP: 14/14 MP: 1/1
     0 | D:1      | 0 ||| qw: Version: 0.2-a-29-g511e9b1
     0 | D:1      | 0 ||| qw: Game counter: 5401
     0 | D:1      | 0 ||| qw: Always use a shield: true
     0 | D:1      | 0 ||| qw: God list: Okawaru
     0 | D:1      | 0 ||| qw: Allow faded altars: false
     0 | D:1      | 0 ||| qw: Do Orc after D:15 true
     0 | D:1      | 0 ||| qw: Do second Lair branch before Depths: true
     0 | D:1      | 0 ||| qw: Lair rune preference: random
     0 | D:1      | 0 ||| qw: Plans: Normal, Zot:1-4, Slime:5, God:TSO, Crypt,
                  | Tomb, Abyss, Pan, Hells, Win
     0 | D:1      | 0 ||| PLANNING D:1-11
    51 | D:1      | Found Mogep's Assorted Antiques.
    69 | D:1      | Reached skill level 2 in Axes
   134 | D:1      | Reached XP level 2. HP: 19/19 MP: 2/2
   298 | D:1      | 298 ||| DROPPING +0 club.
   320 | D:1      | 320 ||| Stepping ~*~*~tactically~*~*~ (hiding).
   333 | D:1      | 333 ||| Stepping ~*~*~tactically~*~*~ (stealth).
   336 | D:1      | 336 ||| Stepping ~*~*~tactically~*~*~ (hiding).
   430 | D:1      | Reached skill level 3 in Axes
   464 | D:1      | Reached XP level 3. HP: 23/23 MP: 3/3
   469 | D:1      | 469 ||| Stepping ~*~*~tactically~*~*~ (hiding).
   473 | D:1      | 473 ||| Stepping ~*~*~tactically~*~*~ (hiding).
   474 | D:1      | 474 ||| Stepping ~*~*~tactically~*~*~ (hiding).
   643 | D:1      | 643 ||| SHOPLISTING glass ring (115 gold, have 13).
   643 | D:1      | 643 ||| SHOPLISTING scroll labelled MIODUNOINK (23 gold,
                  | have 13).
   643 | D:1      | 643 ||| SHOPLISTING scroll labelled XATYOT YTEBUE (23 gold,
                  | have 13).
   643 | D:1      | 643 ||| SHOPLISTING scroll labelled YSHRIQOMUGY (23 gold,
                  | have 13).
   643 | D:1      | 643 ||| SHOPLISTING white potion (20 gold, have 13).
   665 | D:1      | 665 ||| Stepping ~*~*~tactically~*~*~ (hiding).
   695 | D:1      | 695 ||| Stepping ~*~*~tactically~*~*~ (stealth).
  1001 | D:1      | 1001 ||| READING scroll labelled YSHRIQOMUGY.
  1002 | D:1      | 1002 ||| READING scroll labelled XESMICW JEMOOH.
  1103 | D:1      | 1103 ||| READING scroll labelled MIODUNOINK.
  1106 | D:1      | 1106 ||| READING scroll labelled MEOF WIGIUHUJA.
  1143 | D:2      | Reached XP level 4. HP: 20/28 MP: 4/4
  1154 | D:2      | 1154 ||| FLEEEEING.
  1155 | D:2      | 1155 ||| FLEEEEING.
  1156 | D:2      | 1156 ||| STAIRDANCE
  1213 | D:2      | 1213 ||| Stepping ~*~*~tactically~*~*~ (stealth).
  1225 | D:2      | 1225 ||| Stepping ~*~*~tactically~*~*~ (stealth).
  1232 | D:2      | Reached skill level 4 in Axes
  1283 | D:2      | 1283 ||| Stepping ~*~*~tactically~*~*~ (stealth).
  1337 | D:2      | 1337 ||| Stepping ~*~*~tactically~*~*~ (stealth).
  1363 | D:2      | 1363 ||| Stepping ~*~*~tactically~*~*~ (stealth).
  1364 | D:2      | 1364 ||| Stepping ~*~*~tactically~*~*~ (stealth).
  1365 | D:2      | 1365 ||| Stepping ~*~*~tactically~*~*~ (stealth).
  1677 | D:2      | 1677 ||| Stepping ~*~*~tactically~*~*~ (hiding).
  2001 | D:2      | 2001 ||| UPGRADING to +1 pair of gloves.
  2006 | D:2      | 2006 ||| READING scroll labelled XIHEDUP QAMESH.
  2007 | D:2      | 2007 ||| READING scroll labelled FUTHRA LOWUDU.
  2008 | D:2      | 2008 ||| DRINKING 2 amethyst potions.
  2036 | D:3      | Reached XP level 5. HP: 32/32 MP: 5/5
  2077 | D:3      | Found a runed translucent door.
  2099 | D:3      | Noticed qw's ghost (weakling GrFi)
  2104 | D:3      | Found an iron altar of Okawaru.
  2105 | D:3      | 2105 ||| PLANNING OKAWARU WORSHIP
  2105 | D:3      | 2105 ||| READING scroll labelled XATYOT YTEBUE.
  2106 | D:3      | 2106 ||| READING scroll labelled IGGIUKLEQI.
  2114 | D:3      | Became a worshipper of Warmaster Okawaru
  2115 | D:3      | 2115 ||| PLANNING D:1-11
  2198 | D:3      | 2198 ||| Stepping ~*~*~tactically~*~*~ (stealth).
  2202 | D:3      | 2202 ||| DROPPING +0 mace.
  2204 | D:3      | 2204 ||| Stepping ~*~*~tactically~*~*~ (stealth).
  2224 | D:3      | Found a blossoming altar of Fedhas.
  2257 | D:3      | 2257 ||| Stepping ~*~*~tactically~*~*~ (hiding).
  2392 | D:3      | 2392 ||| Stepping ~*~*~tactically~*~*~ (hiding).
  2397 | D:3      | 2397 ||| Stepping ~*~*~tactically~*~*~ (stealth).
  2490 | D:3      | 2490 ||| Stepping ~*~*~tactically~*~*~ (stealth).
  2510 | D:3      | Found a runed translucent door.
  2635 | D:3      | 2635 ||| UPGRADING to +0 plate armour.
  2645 | D:3      | 2645 ||| DROPPING +0 scale mail.
  2646 | D:3      | 2646 ||| DROPPING ring of flight.
  2647 | D:3      | 2647 ||| UPGRADING to ring of see invisible.
  2648 | D:3      | 2648 ||| READING scroll labelled VIFUCO YQEONN.
  2655 | D:4      | Found Joar's Assorted Antiques.
  2668 | D:4      | Reached skill level 5 in Axes
  2672 | D:4      | 2672 ||| BUYING fluorescent wand (92 gold).
  2672 | D:4      | Bought a fluorescent wand for 92 gold pieces
  2672 | D:4      | 2672 ||| BUYING scroll of identify (46 gold).
  2672 | D:4      | Bought a scroll of identify for 46 gold pieces
  2672 | D:4      | 2672 ||| SHOPLISTING scroll of teleportation (69 gold, have
                  | 14).
  2672 | D:4      | 2672 ||| SHOPLISTING worn bronze wand (92 gold, have 14).
  2674 | D:4      | Noticed a lemure
  2674 | D:4      | Noticed a lemure
  2674 | D:4      | Noticed a lemure
  2675 | D:4      | Noticed Pikel
  2675 | D:4      | 2675 ||| Stepping ~*~*~tactically~*~*~ (stealth).
  2678 | D:4      | Noticed a lemure
  2688 | D:4      | Killed a lemure
  2690 | D:4      | Killed a lemure
  2693 | D:4      | HP: 8/32 [lemure[Pikel] (4)]
  2694 | D:4      | HP: 3/32 [lemure[Pikel] (5)]
  2695 | D:4      | Killed a lemure
  2700 | D:4      | Killed a lemure
  2704 | D:4      | 2704 ||| FLEEEEING.
  2705 | D:4      | 2705 ||| FLEEEEING.
  2709 | D:4      | 2709 ||| STAIRDANCE
  2807 | D:3      | 2807 ||| READING 2 scrolls of identify.
  2807 | D:3      | 2807 ||| IDENTIFYING purple potion
  2808 | D:3      | 2808 ||| DROPPING potion of brilliance.
  2809 | D:3      | 2809 ||| DROPPING wand of charming (5).
  2819 | D:4      | 2819 ||| STAIRDANCE
  2828 | D:3      | Killed Pikel
  2828 | D:3      | Reached * piety under Okawaru
  2828 | D:3      | Reached ** piety under Okawaru
  2829 | D:3      | Reached XP level 6. HP: 16/44 MP: 6/6
  2829 | D:3      | Reached XP level 7. HP: 17/48 MP: 7/7
  2970 | D:4      | 2970 ||| Stepping ~*~*~tactically~*~*~ (stealth).
  2971 | D:4      | 2971 ||| READING 2 scrolls of identify.
  2971 | D:4      | 2971 ||| IDENTIFYING black potion
  3018 | D:4      | 3018 ||| INVOKING Heroism.
  3029 | D:4      | 3029 ||| INVOKING Heroism.
  3032 | D:4      | Reached skill level 1 in Invocations
  3145 | D:4      | 3145 ||| DROPPING +0 flail.
  3146 | D:4      | 3146 ||| DROPPING +0 mace of protection.
  3157 | D:4      | 3157 ||| INVOKING Heroism.
  3246 | D:4      | Reached skill level 1 in Throwing
  3255 | D:4      | 3255 ||| INVOKING Heroism.
  3261 | D:4      | Reached skill level 3 in Invocations
  3261 | D:4      | Reached XP level 8. HP: 53/53 MP: 6/10
  3320 | D:4      | Found a white marble altar of Elyvilon.
  3321 | D:4      | Found a hazy altar of Hepliaklqana.
  3322 | D:4      | Found a basalt altar of Yredelemnul.
  3323 | D:4      | Found a glowing golden altar of the Shining One.
  3323 | D:4      | Found a shimmering blue altar of Sif Muna.
  3323 | D:4      | Found a shadowy altar of Dithmenos.
  3324 | D:4      | Found an ancient bone altar of Kikubaaqudgha.
  3329 | D:4      | Found a stormy altar of Qazlal.
  3329 | D:4      | Found an ornate altar of the Wu Jian Council.
  3330 | D:4      | Found a burning altar of Makhleb.
  3403 | D:4      | Found Litui's Jewellery Emporium.
  3444 | D:4      | Found Arpha's Assorted Antiques.
  3452 | D:4      | 3452 ||| BUYING dark potion (28 gold).
  3452 | D:4      | Bought a dark potion for 28 gold pieces
  3452 | D:4      | 3452 ||| SHOPLISTING glowing flail (208 gold, have 19).
  3452 | D:4      | 3452 ||| SHOPLISTING murky orange potion (28 gold, have
                  | 19).
  3452 | D:4      | 3452 ||| SHOPLISTING scroll labelled BIJURH QODGH (32 gold,
                  | have 19).
  3452 | D:4      | 3452 ||| SHOPLISTING smoky white potion (28 gold, have 19).
  3484 | D:4      | Found Sukekkorgh's Book Shop.
  3488 | D:4      | Found Doyptewn's General Store.
  3749 | D:4      | 3749 ||| DRINKING 2 golden potions.
  3750 | D:4      | 3750 ||| DROPPING potion of berserk rage.
  3769 | D:5      | Entered Level 5 of the Dungeon
  4047 | D:5      | 4047 ||| Stepping ~*~*~tactically~*~*~ (hiding).
  4064 | D:5      | Reached skill level 6 in Axes
  4131 | D:5      | Found a staircase to the Ecumenical Temple.
  4333 | D:5      | 4333 ||| READING scroll labelled BIJURH QODGH.
  4334 | D:5      | 4334 ||| DROPPING +0 morningstar.
  4359 | D:5      | 4359 ||| Stepping ~*~*~tactically~*~*~ (hiding).
  4387 | D:5      | 4387 ||| INVOKING Heroism.
  4390 | D:5      | Reached *** piety under Okawaru
  4400 | D:5      | 4400 ||| Stepping ~*~*~tactically~*~*~ (stealth).
  4408 | D:5      | 4408 ||| INVOKING Heroism.
  4414 | D:5      | Reached skill level 7 in Axes
  4426 | D:5      | 4426 ||| Stepping ~*~*~tactically~*~*~ (stealth).
  4429 | D:5      | 4429 ||| FLEEEEING.
  4475 | D:5      | Reached skill level 1 in Dodging
  4475 | D:5      | Reached XP level 9. HP: 57/57 MP: 12/12
  4524 | D:5      | 4524 ||| INVOKING Heroism.
  4610 | D:5      | 4610 ||| READING scroll labelled HEILUPN LYNWUY.
  4648 | D:5      | 4648 ||| READING 2 scrolls of identify.
  4648 | D:5      | 4648 ||| IDENTIFYING grey potion
  4659 | D:5      | 4659 ||| INVOKING Heroism.
  4681 | D:5      | 4681 ||| Stepping ~*~*~tactically~*~*~ (stealth).
  4682 | D:5      | 4682 ||| Stepping ~*~*~tactically~*~*~ (stealth).
  4691 | D:5      | 4691 ||| INVOKING Heroism.
  4703 | D:5      | Reached skill level 8 in Axes
  4793 | D:5      | 4793 ||| INVOKING Heroism.
  4810 | D:5      | 4810 ||| Stepping ~*~*~tactically~*~*~ (stealth).
  4821 | D:5      | 4821 ||| Stepping ~*~*~tactically~*~*~ (stealth).
  4939 | D:5      | 4939 ||| UPGRADING to +0 pair of boots.
  4967 | D:6      | 4967 ||| INVOKING Heroism.
  4976 | D:6      | Noticed Edmund
  4986 | D:6      | Killed Edmund
  5193 | D:6      | 5193 ||| INVOKING Heroism.
  5269 | D:6      | Reached skill level 9 in Axes
  5355 | D:6      | 5355 ||| FLEEEEING.
  5408 | D:6      | 5408 ||| Stepping ~*~*~tactically~*~*~ (stealth).
  5409 | D:6      | 5409 ||| Stepping ~*~*~tactically~*~*~ (stealth).
  5415 | D:6      | Noticed a boulder beetle
  5416 | D:6      | 5416 ||| INVOKING Heroism.
  5424 | D:6      | Reached skill level 6 in Armour
  5433 | D:6      | 5433 ||| INVOKING Heroism.
  5436 | D:6      | HP: 11/57 [boulder beetle (6)]
  5437 | D:6      | 5437 ||| READING scroll of teleportation.
  5438 | D:6      | 5438 ||| DRINKING potion of heal wounds.
  5441 | D:6      | Noticed Maggie
  5441 | D:6      | HP: 6/57 [Maggie/bolt of fire (10)]
  5445 | D:6      | Mangled by Maggie

Levels and vault maps discovered:
D:1:      wander_arrival_estate, layout_basic, serial_shops,
          nicolae_shop_peninsula, lexackson_kobold_supper
D:2:      layout_basic, grunt_decor_cap, minmay_split_cup_small
D:3:      layout_rooms, fedhas_altar_2, okawaru_trees_1, ebering_ghost_sewer_f
D:4:      layout_loops_ring, nicolae_overflows_in_rows, serial_shops,
          nicolae_shop_tiny_real_fake_doors, shop, nicolae_shop_hallway_stairs,
          nicolae_stop_n_shop_1, nicolae_shop_rolling_square, serial_glass,
          glass_columns_a, glass_columns_c, glass_columns_c, glass_columns_c,
          glass_columns_b, glass_columns_b, uniq_pikel
D:5:      kennysheep_windowed_halls, layout_loops_ring,
          minmay_temple_entry_glass
D:6:      layout_loops_ring, minitemple, kb_rosetta, uniq_edmund, uniq_maggie

Skill      XL: |  1  2  3  4  5  6  7  8  9 |
---------------+----------------------------+-----
Axes           | 2 3 4 5 7 9 |  9.1
Fighting       | 7 |  7.1
Invocations    | 3 4 |  4.0
Throwing       | 1 |  1.1
Armour         | 4 6 |  6.1
Dodging        | 1 |  1.9
Shields        | 4 |  4.2

Action                     |  1- 3 |  4- 6 |  7- 9 || total
---------------------------+-------+-------+-------++-------
  Melee: War axe           |    95 |   167 |   219 ||   481
  Throw: Boomerang         |    21 |       |    69 ||    90
 Invoke: Heroism           |       |       |    14 ||    14
    Use: Scroll            |     4 |     6 |     5 ||    15
         Potion            |       |     1 |     2 ||     3
 Armour: Scale mail        |    48 |    52 |       ||   100
         Plate armour      |       |    51 |   177 ||   228
  Dodge: Dodged            |    42 |    64 |    75 ||   181
  Block: Buckler           |    20 |    37 |    45 ||   102

Table legend:
 A = Non-vault XP
 B = Vault XP
 C = Vault XP percentage of total XP
 D = Non-vault monster count
 E = Vault monster count
 F = Vault count percentage of total count
                 A         B        C        D         E       F
            +---------+---------+-------+---------+---------+-------
      Total |    2026 |    2324 |  53.4 |     117 |      35 |  23.0
            +---------+---------+-------+---------+---------+-------
        D:1 |      36 |      10 |  21.7 |      23 |       8 |  25.8
        D:2 |      97 |      16 |  14.2 |      24 |       3 |  11.1
        D:3 |      60 |     629 |  91.3 |      19 |       1 |   5.0
        D:4 |     451 |       0 |   0.0 |      24 |       0 |   0.0
        D:5 |     621 |    1100 |  63.9 |      17 |      20 |  54.1
        D:6 |     761 |     569 |  42.8 |      10 |       3 |  23.1
            +---------+---------+-------+---------+---------+-------
